 Dungeon Crawl Stone Soup version 0.32-a0-616-g9348d4545b (webtiles) character file.

Game seed: 13589614018539632998

852 Implojin the Cutter (level 8, -4/61 HPs)
             Began as a Coglin Chaos Knight on Mar 5, 2024.
             Was a Plaything of Xom.
             Killed by divine providence
             ... invoked by an orc priest
              (10 damage)
             ... on level 6 of the Dungeon.
             The game lasted 00:10:36 (3481 turns).

Implojin the Cutter (Coglin Chaos Knight)           Turns: 3481, Time: 00:10:37

Health: -4/61      AC: 16    Str: 15    XL:     8   Next: 1%
Magic:  8/8        EV:  4    Int: 12    God:    Xom [......]
Gold:   1112       SH:  0    Dex: 13    Spells: 7/7 levels left

rFire   . . .        a - +1 short sword (chaos) {Olga}
rCold   . . .        g - +0 short sword {Yuina}
rNeg    . . .        h - +0 plate armour
rPois   .            l - +2 helmet
rElec   .            (no cloak)
rCorr   .            t - +0 pair of gloves {hurl}
SInv    .            i - +0 pair of boots
Will    .....        (amulet unavailable) Stlth
                     (ring unavailable)
HPRegen 0.30/turn    (ring unavailable)
MPRegen 0.11/turn    (no gizmo)

%: random rage (3%)
@: on berserk cooldown, slowed, revving, very slow
A: off-hand wielding, slow wielding, warmup strikes, no jewellery, berserk 1,
sense surroundings 1
a: Invent Gizmo, Renounce Religion


You were on level 6 of the Dungeon.
You worshipped Xom.
You were a very special plaything of Xom.
You visited 1 branch of the dungeon, and saw 6 of its levels.

You collected 1112 gold pieces.

Inventory:

Hand Weapons
 a - a +1 short sword of chaos (weapon) {Olga}
 g - a +0 short sword (offhand) {Yuina}
 j - the +5 woodcutter's axe
   (You found it on level 2 of the Dungeon)
Missiles
 b - 5 poisoned darts
 d - 51 stones
 k - 4 javelins (quivered)
Armour
 h - a +0 plate armour (worn)
 i - a +0 pair of boots (worn)
 l - a +2 helmet (worn)
 t - a +0 pair of gloves of hurling (worn)
Wands
 f - a wand of flame (14)
Scrolls
 e - a scroll of fog
 m - a scroll of identify
Potions
 q - 3 potions of attraction


   Skills:
 - Level 4.8 Fighting
 * Level 5.4 Short Blades
 - Level 4.0 Axes
 - Level 1.7 Armour
 - Level 0.8 Dodging
 - Level 5.0 Evocations


You had 7 spell levels left.
You didn't know any spells.
Your spell library contained the following spells:

 Spells                   Type           Power      Damage    Failure   Level
 Inner Flame              Hex/Fire       0%         N/A       100%        3
 Irradiate                Conj/Alch      0%         3d11      100%        5
 Ignition                 Fire           0%         3d3       100%        8


Dungeon Overview and Level Annotations

Branches:
Dungeon (6/15)
 Temple: D:4-7

Altars:
Dithmenos
Hepliaklqana
Xom


Innate Abilities, Weirdness & Mutations

You can wield a second weapon in your off-hand.
It takes a long time for you to wield or remove held weapons.
Your first few attacks do less damage.
You cannot equip rings or amulets.
You sometimes lose your temper in combat.
You passively map a small area around you.


Message History

Press: ? - help, Shift-Dir - straight line, f/p - orc priest
Aim: an orc priest, wielding a +0 hand axe (moderately wounded, 74% to hit)
The puff of flame hits the orc priest!
The orc priest is almost dead.
You feel sick.
You are no longer poisoned.
The orc priest invokes the aid of Beogh against you.
Pain shoots through your body!
* * * LOW HITPOINT WARNING * * *
The orc priest mumbles some strange prayers to Beogh against you.
Pain shoots through your body!
* * * LOW HITPOINT WARNING * * *
An orc comes into view. It is wielding a +0 club.
Unknown command.
Okay, then.
As you read the scroll labelled TEECSONARI, it crumbles to dust.
You hear a loud clanging noise!
It was a scroll of noise.
You hear a shout!
You hear a bark!
You hear a shout! x3
Okay, then.
Okay, then.
Okay, then.
Okay, then.
Aiming: Throw Flame
Press: ? - help, Shift-Dir - straight line, f - iguana
Aim: an iguana (77% to hit)
The puff of flame misses the iguana.
You hit the iguana with your +1 short sword of chaos.
The iguana is lightly wounded.
You hit the iguana but do no damage.
The iguana bites you but does no damage.
The orc priest looks braver for a moment.
Unknown command.
You hit the iguana with your +1 short sword of chaos.
The iguana is moderately wounded.
You hit the iguana but do no damage.
The iguana bites you but does no damage.
The orc priest calls down the wrath of Beogh upon you.
Beogh smites you!
You die...

.............#
....########.#
#.#.########.##### **
#.#..............# ,
#.###.######.##..# **
..###)# #.##..#*,*
....#.# #.##.!#* ###.#.#
#.##..# #.#.# #.##.@#
#.#.######)##l.##.###
###.#.##...l)..).o...o.o
...#..##.###..))..#.####
* ###.### ####...# # * #
#.#**, #...# # #.# , ,
#...# * # #.# * ,
*#...#, , ###.# , ....#


You could see an iguana and an orc priest.

Vanquished Creatures
  A kobold brigand (D:6)
  2 bullfrogs (D:6)
  3 wights (D:6)
  A howler monkey (D:6)
  A bombardier beetle (D:4)
  2 hounds (D:6)
  An orc priest (D:6)
  Ijyb (D:3)
  An iguana (D:5)
  An orc wizard (D:6)
  Robin (D:3)
  7 gnolls (D:4)
  2 adders (D:2)
  A shadow imp (D:4)
  2 white imps
  An ufetubus (D:6)
  2 dart slugs (D:1)
  13 orcs
  2 bats
  5 endoplasms
  5 giant cockroaches
  8 hobgoblins
  5 jackals (D:4)
  3 quokkas
  10 ball pythons
  A frilled lizard (D:2)
  7 goblins
  7 kobolds
  7 rats
103 creatures vanquished.

Vanquished Creatures (collateral kills)
  A bombardier beetle (D:3)
1 creature vanquished.

Grand Total: 104 creatures vanquished

Notes
Turn   | Place    | Note
-------+----------+-------------------------------------------
     0 | D:1      | Implojin the Coglin Chaos Knight began the quest for the
                  | Orb.
     0 | D:1      | Reached XP level 1. HP: 18/18 MP: 1/1
   151 | D:1      | Reached XP level 2. HP: 24/24 MP: 2/2
   434 | D:1      | XOM: noise
   714 | D:2      | Found the +5 woodcutter's axe
   779 | D:2      | Reached XP level 3. HP: 29/29 MP: 3/3
   918 | D:2      | XOM: 4-stop teleportation journey
  1039 | D:2      | Reached skill level 1 in Axes
  1323 | D:3      | Reached XP level 4. HP: 35/35 MP: 4/4
  1333 | D:3      | XOM: cast spell 'Monstrous Menagerie'
  1411 | D:3      | Found a shimmering altar of Xom.
  1411 | D:3      | Noticed Ijyb
  1411 | D:3      | Noticed Robin
  1411 | D:3      | XOM: 4-stop teleportation journey
  1631 | D:3      | Found a shimmering altar of Xom.
  1639 | D:3      | Killed Ijyb
  1640 | D:3      | Reached XP level 5. HP: 39/41 MP: 5/5
  1655 | D:3      | Identified the amulet "Nebug" {Spirit Rampage}
  1659 | D:3      | Killed Robin
  2271 | D:4      | Reached XP level 6. HP: 35/48 MP: 6/6
  2573 | D:4      | Found a hazy altar of Hepliaklqana.
  2640 | D:5      | Entered Level 5 of the Dungeon
  2817 | D:5      | Noticed an ice beast
  2818 | D:5      | Found a shadowy altar of Dithmenos.
  2822 | D:5      | XOM: blink monster(s)
  2837 | D:5      | Identified a scroll of acquirement
  2840 | D:5      | Gained mutation: You passively map a small area around you.
                  | [potion of mutation]
  2840 | D:5      | Gained mutation: You sometimes lose your temper in combat.
                  | [potion of mutation]
  2840 | D:5      | XOM: smoke on damage
  2898 | D:6      | Reached XP level 7. HP: 27/55 MP: 7/7
  3069 | D:6      | Acquired 916 gold pieces
  3192 | D:6      | Reached skill level 5 in Evocations
  3308 | D:6      | XOM: blink monster(s)
  3462 | D:6      | Reached skill level 5 in Short Blades
  3468 | D:6      | XOM: chaos upgrade
  3472 | D:6      | Reached XP level 8. HP: 43/61 MP: 8/8
  3481 | D:6      | Killed from afar by an orc priest

Illustrated notes

Levels and vault maps discovered:
D:1:      amcnicky_arrival_double_pillar, layout_loops_ring
D:2:      layout_loops_ring
D:3:      layout_basic, xom_redecorated, nicolae_goblin_pals
D:4:      layout_rooms, nzn_hepliaklqana_mist_gate
D:5:      wad_pebble_path, layout_cave_pools, kennysheep_mini_moat,
          pf_just_have_faith, serial_park, serial_park_gazebo
          [serial_park_minivault_5x5_2], serial_park_tiny_1, serial_park_tiny_2,
          serial_park_square1 [serial_park_minivault_5x5_1], serial_shops,
          nicolae_shop_trees, serial_bayou_crossing
D:6:      layout_loops_ring, minmay_temple_entry_offerings, uniq_duvessa

Skill      XL: |  1  2  3  4  5  6  7 |
---------------+----------------------+-----
Short Blades   | 3 5 |  5.4
Axes           | 2 3 4 |  4.0
Fighting       | 4 |  4.8
Evocations     | 3 5 |  5.0
Armour         | |  1.7
Dodging        | |  0.8

Action                     |  1- 3 |  4- 6 |  7- 9 || total
---------------------------+-------+-------+-------++-------
  Melee: Dagger            |    14 |       |       ||    14
         Short sword       |    45 |     3 |    99 ||   147
         Battleaxe         |    32 |   112 |       ||   144
  Throw: Javelin           |       |     1 |       ||     1
  Evoke: Wand              |       |     3 |     3 ||     6
    Use: Scroll            |     1 |     8 |     2 ||    11
         Potion            |       |     3 |       ||     3
   Stab: Confused          |     1 |       |       ||     1
         Sleeping          |     1 |       |       ||     1
 Armour: Leather armour    |    17 |       |       ||    17
         Plate armour      |    32 |   206 |    38 ||   276
  Dodge: Dodged            |    15 |    33 |    10 ||    58

Table legend: (Time is in decaauts)
 A = Elapsed time spent in this place.
 B = Non-inter-level travel time spent in this place.
 C = Inter-level travel time spent in this place.
 D = Time resting spent in this place.
 E = Time spent auto-exploring this place.
 F = Levels seen in this place.
 G = Mean time per level.
                   A        B        C        D        E       F      G
               +--------+--------+--------+--------+--------+-----+--------+
         Total |   3467 |   3362 |    105 |    243 |   2221 |   6 |  577.8 |
       Dungeon |   3467 |   3362 |    105 |    243 |   2221 |   6 |  577.8 |
               +--------+--------+--------+--------+--------+-----+--------+

Top non-repeatable levels by time:
     D:1: 726 daAuts
     D:4: 680 daAuts
     D:3: 639 daAuts
     D:6: 622 daAuts
     D:2: 587 daAuts
     D:5: 210 daAuts
